 Dungeon Crawl Stone Soup version 0.20.0-14-g326068f (webtiles) character file.

3385 Angani the Fighter (level 10, -1/84 HPs)
             Began as a Formicid Berserker on June 7, 2017.
             Was a Priest of Trog.
             Splashed by a jelly's acid (9 damage)
             ... on level 7 of the Dungeon.
             The game lasted 00:24:35 (10285 turns).

Angani the Fighter (Formicid Berserker)            Turns: 10285, Time: 00:24:36

Health: -1/84      AC: -20   Str: 30      XL:     10   Next: 24%
Magic:  10/10      EV: 11    Int:  4 (8)  God:    Trog [***...]
Gold:   328        SH:  0    Dex: 10      Spells: 9/9 levels left

rFire    . . .     SeeInvis +   x - +4 short sword of Iconoclasm {freeze, MR+}
rCold    . . .     Gourm    .   (no shield)
rNeg     . . .     Faith    .   h - +2 ring mail {MR+}
rPois    .         Spirit   .   (helmet unavailable)
rElec    .         Reflect  .   w - +1 cloak
rCorr    .         Harm     .   (no gloves)
MR       +++..     Clarity  +   (no boots)
Stlth    ..........             (no amulet)
Regen    0.3/turn               v - ring of flight
MPRegen  0.2/turn               g - +6 ring of strength

@: corroded
A: permanent stasis, dig shafts and tunnels, four strong arms, antennae 3,
clarity, deterioration 1
a: Dig, Shaft Self, Trog's Hand, Burn Spellbooks, Renounce Religion, Evoke
Flight


You were on level 7 of the Dungeon.
You worshipped Trog.
Trog was most pleased with you.
You were not hungry.

You visited 1 branch of the dungeon, and saw 8 of its levels.
You also visited: Sewer.

You collected 328 gold pieces.

Inventory:

Hand Weapons
 a - a +0 mace
 b - a +0 hunting sling
 x - the +4 short sword of Iconoclasm (weapon) {freeze, MR+}
   (You found it on level 6 of the Dungeon)

   It has been specially enchanted to freeze those struck by it, causing extra
   injury to most foes and up to half again as much damage against particularly
   susceptible opponents.
   It can also slow down cold-blooded creatures.
   It affects your resistance to hostile enchantments.
Armour
 h - a +2 ring mail of magic resistance (worn)
 w - a +1 cloak (worn)
Jewellery
 g - a +6 ring of strength (right hand)
 v - a ring of flight (left hand)
Wands
 f - a wand of lightning (0/15)
 i - a wand of paralysis (0/24)
 r - a wand of disintegration (0/24)
 s - a wand of enslavement (1/24)
 t - a wand of enslavement (5/24)
 z - a wand of lightning (6/15)
 C - a wand of clouds (1/9)
Scrolls
 d - a scroll of immolation
 e - 2 scrolls of fear
 p - 6 scrolls of remove curse
 q - 4 scrolls of recharging
Potions
 j - 7 potions of curing
 n - 3 potions of flight
 o - 3 potions of magic
 u - a potion of agility
Books
 B - a book of Maledictions

   Spells                             Type                      Level
   a - Corona                         Hexes                        1
   b - Ensorcelled Hibernation        Hexes/Ice                    2
   c - Confuse                        Hexes                        3
   d - Tukima's Dance                 Hexes                        3
   e - Dazzling Spray                 Conjuration/Hexes            3
   Trog disapproves of the use of such an item.
Comestibles
 c - 9 bread rations
 k - 3 royal jellies
 l - 2 fruits
 m - 3 meat rations


   Skills:
 + Level 9.7 Fighting
 + Level 8.5 Maces & Flails
 + Level 8.8 Armour
 - Level 1.7 Dodging


You had 9 spell levels left.
You didn't know any spells.

Dungeon Overview and Level Annotations

Branches:
Dungeon (8/15)             Temple (0/1) D:6            Lair (0/6) D:8

Altars:
Fedhas
Okawaru
Qazlal
Sif Muna
Xom
Yredelemnul
Zin
The Shining One

Shops:
D:6 *

Annotations:
D:3 Phantomfrettchen's ghost, amateur DsCK
D:8 Zigma's ghost, novice DrMo


Innate Abilities, Weirdness & Mutations

You cannot be hasted, slowed, berserked, paralysed or teleported.
You can dig through walls and to a lower floor.
Your four strong arms can wield two-handed weapons with a shield.
You have a pair of large antennae on your head. (SInv)
You possess an exceptional clarity of mind.
Your body sometimes deteriorates upon taking damage.


Message History

The jelly closely misses you. The jelly hits you.
You are splashed with acid!
The acid burns!
Unknown command.
You hit the jelly. You freeze the jelly.
Your hands burn!
The jelly is severely wounded.
The jelly hits you.
You are splashed with acid!
The acid burns!
You hit the jelly but do no damage. The acid corrodes you!
Your hands burn!
* * * LOW HITPOINT WARNING * * *
The jelly is severely wounded.
The jelly hits you.
* * * LOW HITPOINT WARNING * * *
You are splashed with acid!
The acid burns!
* * * LOW HITPOINT WARNING * * *
You hit the jelly but do no damage.
Your hands burn!
* * * LOW HITPOINT WARNING * * *
The jelly is severely wounded.
The jelly hits you.
* * * LOW HITPOINT WARNING * * *
The acid corrodes you!
You are splashed with acid!
The acid burns!
You die...

#........# #.# #.#
#####.#### #.# #.# #.#
##'## #.## #.# ##...## #...
##.## ##.....## ##...
#...## ##.......## ##..##
#....####.........####...##
#.......'.J.......+..<.....
#....####.@.......####.....
#.#.## ##.......## ##.##.
###.##### ##.....## ####.
#.......# ##...## #.
#.#.###.# ##+## #.
#.#.###.##### #.# #.
#.#.........# #.# #.
#.#####.###.###.##### #.
#.# #.# #.........# #.


You could see a jelly.

Vanquished Creatures
  Joseph (D:7)
  Grinder (D:6)
  Sigmund (D:6)
  A wyvern (D:8)
  Menkaure (D:7)
  A black bear (D:6)
  2 phantoms
  A sky beast (D:7)
  5 ogres
  2 centaurs
  Blork the orc (D:6)
  A bullfrog (D:8)
  3 scorpions
  A crimson imp (D:8)
  A bullfrog zombie (D:7)
  A jelly (D:7)
  2 centaur skeletons
  2 orc priests (D:5)
  4 hounds
  6 orc wizards
  2 iguanas (D:6)
  A bullfrog skeleton (D:5)
  Ijyb (D:2)
  4 worker ants
  A hound skeleton (D:4)
  A worker ant zombie (D:8)
  10 adders
  A shadow imp (D:6)
  An ooze (D:2)
  An adder skeleton (D:4)
  4 worms
  2 dart slugs (D:2)
  3 leopard geckos
  21 orcs
  9 ball pythons
  4 giant cockroaches
  21 goblins
  9 hobgoblins
  28 jackals
  13 kobolds
  2 quokkas (D:2)
  7 bats
  8 frilled lizards
  3 leopard gecko skeletons
  A quokka skeleton (D:4)
  13 rats
  2 plants (Sewer)
211 creatures vanquished.

Vanquished Creatures (collateral kills)
  Duvessa (D:7)
  An orc warrior (D:7)
  An ogre (D:7)
  Dowan (D:7)
  2 orc priests
  An orc wizard (D:8)
  A worker ant (D:8)
  2 orcs
10 creatures vanquished.

Grand Total: 221 creatures vanquished

Notes
Turn   | Place    | Note
-------+----------+-------------------------------------------
     0 | D:1      | Angani the Formicid Berserker began the quest for the Orb.
     0 | D:1      | Reached XP level 1. HP: 18/18 MP: 1/1
   330 | D:1      | Reached XP level 2. HP: 4/24 MP: 2/2
  1299 | D:1      | Reached XP level 3. HP: 28/30 MP: 3/3
  1322 | D:1      | Gained mutation: Your body sometimes deteriorates upon taking damage. [potion of mutation]
  1322 | D:1      | Gained mutation: You are covered in fur. (AC +1) [potion of mutation]
  1497 | D:1      | Reached skill level 4 in Fighting
  1691 | D:2      | Reached ** piety under Trog
  1722 | D:2      | Noticed Ijyb
  1797 | D:2      | Killed Ijyb
  1797 | D:2      | Reached XP level 4. HP: 26/37 MP: 4/4
  2230 | D:2      | Reached XP level 5. HP: 31/43 MP: 5/5
  2897 | D:3      | Noticed Phantomfrettchen's ghost (amateur DsCK)
  3134 | D:3      | Reached *** piety under Trog
  3743 | D:4      | Found a deep blue altar of Sif Muna.
  3779 | D:4      | Noticed an ogre
  3793 | D:4      | Killed an ogre
  3793 | D:4      | Reached skill level 5 in Fighting
  3793 | D:4      | Reached XP level 6. HP: 39/51 MP: 6/6
  4257 | D:4      | Found a shimmering altar of Xom.
  4295 | D:5      | Entered Level 5 of the Dungeon
  4299 | D:5      | Found a blossoming altar of Fedhas.
  4655 | D:5      | Found a glowing golden altar of the Shining One.
  4679 | D:5      | Reached XP level 7. HP: 21/57 MP: 7/7
  5191 | D:5      | Reached skill level 5 in Maces & Flails
  5191 | D:5      | Reached skill level 5 in Armour
  5266 | D:5      | Reached skill level 6 in Fighting
  5576 | D:6      | Noticed Grinder
  5592 | D:6      | Killed Grinder
  5592 | D:6      | Reached XP level 8. HP: 47/65 MP: 8/8
  5731 | D:6      | Noticed Sigmund
  5762 | D:6      | Killed Sigmund
  5762 | D:6      | Reached skill level 7 in Fighting
  5839 | D:6      | Found Figg's General Store.
  5872 | D:6      | Lost mutation: Your body sometimes deteriorates upon taking damage. [potion of mutation]
  5872 | D:6      | Lost mutation: You are covered in fur. (AC +1) [potion of mutation]
  5872 | D:6      | Gained mutation: You are frail. (-10% HP) [potion of mutation]
  5872 | D:6      | Gained mutation: You evolve. [potion of mutation]
  5990 | D:6      | Found a glowing drain.
  5994 | Sewer    | Entered a sewer
  6006 | Sewer    | Reached **** piety under Trog
  6801 | D:6      | Got a bloodstained short sword
  6802 | D:6      | Identified the +4 short sword of Iconoclasm {freeze, MR+} (You found it on level 6 of the Dungeon)
  6832 | D:6      | Found a basalt altar of Yredelemnul.
  6900 | D:6      | Noticed Blork the orc
  6908 | D:6      | Killed Blork the orc
  7046 | D:6      | Found a staircase to the Ecumenical Temple.
  7235 | D:7      | Reached XP level 9. HP: 61/64 MP: 9/9
  7582 | D:7      | Reached skill level 8 in Fighting
  8208 | D:7      | Found an iron altar of Okawaru.
  8308 | D:7      | Noticed Menkaure
  8322 | D:7      | Killed Menkaure
  8640 | D:7      | Noticed Duvessa
  8640 | D:7      | Noticed Dowan
  8660 | D:7      | Killed Duvessa
  8663 | D:7      | Killed Dowan
  8678 | D:7      | Lost mutation: You are frail. (-10% HP) [potion of mutation]
  8678 | D:7      | Lost mutation: You evolve. [potion of mutation]
  8678 | D:7      | Gained mutation: Your body sometimes deteriorates upon taking damage. [potion of mutation]
  8678 | D:7      | Gained mutation: You possess an exceptional clarity of mind. [potion of mutation]
  8957 | D:7      | Noticed Joseph
  8998 | D:7      | Killed Joseph
  8998 | D:7      | Reached skill level 9 in Fighting
  8998 | D:7      | Reached XP level 10. HP: 83/83 MP: 10/10
  9298 | D:7      | Found an iron altar of Okawaru.
  9368 | D:8      | Found a glowing silver altar of Zin.
  9662 | D:8      | Found a stormy altar of Qazlal.
  9667 | D:8      | Found a blossoming altar of Fedhas.
  9922 | D:8      | Noticed Zigma's ghost (novice DrMo)
  9965 | D:8      | HP: 4/84 [Zigma's ghost (10)]
  9980 | D:8      | Found a staircase to the Lair.
 10285 | D:7      | Splashed by a jelly's acid

Skill      XL: |  1  2  3  4  5  6  7  8  9 |
---------------+----------------------------+-----
Fighting       | 4 5 6 7 9 |  9.7
Armour         | 3 4 5 6 8 |  8.8
Maces & Flails | 4 5 6 8 |  8.5
Dodging        | |  1.7

Action                   |  1- 3 |  4- 6 |  7- 9 | 10-12 || total
-------------------------+-------+-------+-------+-------++-------
Melee: Whip              |   257 |   463 |       |       ||   720
       Mace              |     4 |    34 |   258 |       ||   296
       Short sword       |       |       |   183 |   131 ||   314
Throw: Throwing net      |       |       |       |     1 ||     1
Invok: Trog's Hand       |     1 |       |     4 |     3 ||     8
       Brothers in Arms  |       |       |     2 |     1 ||     3
Evoke: Wand              |       |     3 |    20 |     1 ||    24
  Use: Scroll            |     1 |    12 |     4 |     2 ||    19
       Potion            |     1 |     1 |     6 |     1 ||     9
 Stab: Paralysed         |       |     9 |       |       ||     9
  Eat: Chunk             |     3 |    10 |    17 |     3 ||    33
       Meat ration       |       |       |       |     1 ||     1
       Fruit             |       |       |       |     1 ||     1
Armor: Ring mail         |    79 |   191 |   137 |    45 ||   452
       Skin              |       |       |    24 |       ||    24
Dodge: Dodged            |   142 |   279 |   228 |    88 ||   737
